[Event "Tuesday 03 April Rapid Engine Tour12+1 Rounds 9 Starts 1600ST"]
[Site "Infinity Chess"]
[Date "2018.4.3"]
[Round "1"]
[White "Dovahkiin"]
[Black "Thinker"]
[Result "1/2-1/2"]
[ECO "C24"]
[WhiteElo "2380"]
[BlackElo "2453"]
[WhiteEngine "BrainFish_180329_x64_modern_CTG"]
[BlackEngine "BrainFish_180329_x64_modern_CTG"]
[EventType "Swiss"]
[WhiteTeam ""]
[BlackTeam ""]
[PlyCount "46"]
[TimeControl "720+1"]

1. e4 e5 2. Bc4 Nf6 3. d3 c6 4. Nf3 d5 5. Bb3 a5 6. a4 Bb4+ 7. c3 Bd6 8. O-O O-O 
9. exd5 cxd5 10. Bg5 Be6 11. Na3 h6 12. Bh4 Nbd7 13. Nb5 Bb8 14. Nd2 Re8 
15. Re1 Ra6 16. d4 e4 17. Nf1 Bf4 18. Ne3 g5 19. Bg3 Rc6 20. Na7 Ra6 21. Nb5 Rc6 
22. Na7 Rb6 23. Nb5 Rc6 1/2-1/2

[Event "Tuesday 03 April Rapid Engine Tour12+1 Rounds 9 Starts 1600ST"]
[Site "Infinity Chess"]
[Date "2018.4.3"]
[Round "1"]
[White "Marsell"]
[Black "angriff"]
[Result "1/2-1/2"]
[ECO "C53"]
[WhiteElo "2454"]
[BlackElo "2401"]
[WhiteEngine "asmFishW_2018-04-02_bmi2"]
[BlackEngine "DracoREX 3.07 64BIT POPCNT_CTG"]
[EventType "Swiss"]
[WhiteTeam ""]
[BlackTeam ""]
[PlyCount "324"]
[TimeControl "720+1"]

1. e4 e5 2. Nf3 Nc6 3. Bc4 Bc5 4. c3 Nf6 5. d3 d6 6. O-O O-O 7. h3 a5 
8. Nbd2 Be6 9. Bb5 h6 10. Re1 Qb8 11. Nf1 Qa7 12. Be3 Bxe3 13. Nxe3 Ne7 
14. a4 Ng6 15. Bc4 Bxc4 16. Nxc4 Qa6 17. b3 Qc6 18. Rc1 Nf4 19. d4 Nxe4 
20. d5 Nxd5 21. Rxe4 Nxc3 22. Rxc3 Qxe4 23. Ne3 c6 24. Qxd6 Rfe8 25. Qd7 Qb1+ 
26. Nf1 Qa1 27. Re3 e4 28. Ne1 Rab8 29. Ng3 Re6 30. Nxe4 Rbe8 31. Kh2 Qe5+ 
32. Ng3 Qd5 33. Qxd5 cxd5 34. Nc2 Rxe3 35. Nxe3 Rd8 36. Ngf5 Kf8 37. Kg3 g6 
38. Nd4 Ke7 39. Nb5 Kd7 40. Kf3 Kc6 41. Ke2 Kc5 42. Nc2 Re8+ 43. Kd2 g5 
44. Nbd4 h5 45. g3 Rg8 46. Kd3 b6 47. Nf3 f6 48. Nfd4 Re8 49. Nf5 Re5 50. Ng7 h4 
51. g4 Re7 52. Nf5 Re6 53. f3 Re5 54. Kd2 Re8 55. Kd3 Rc8 56. Ke3 Rb8 
57. Nfd4 Rc8 58. Nf5 Ra8 59. Nfd4 Re8+ 60. Kd2 Re7 61. Nf5 Re8 62. Kd3 Re5 
63. Nfd4 Re7 64. Kc3 Re8 65. Kd2 Re5 66. Nb5 Re8 67. Ncd4 Kb4 68. Nd6 Ra8 
69. Kc2 Kc5 70. N4f5 Rf8 71. Kc3 Rh8 72. Nb7+ Kc6 73. Nbd6 Kc5 74. Nb5 Re8 
75. Kd2 Kb4 76. Nfd4 Rh8 77. Nd6 Ra8 78. Kd3 Rg8 79. N6f5 Re8 80. Nd6 Rh8 
81. N6f5 Re8 82. Ne3 Kc5 83. Nec2 Re5 84. Ne3 Re8 85. Nec2 Re5 86. Kd2 Re7 
87. Kc1 Re8 88. Kd1 Rg8 89. Kd2 Re8 90. Nf5 Rh8 91. Ke3 Rc8 92. Kd3 Re8 
93. Kd2 Rh8 94. Ncd4 Kb4 95. Ne7 Kc5 96. Nef5 Kb4 97. Ne3 Kc5 98. Nec2 Re8 
99. Ne2 b5 100. axb5 Kxb5 101. f4 gxf4 102. Nxf4 Kc5 103. Nd3+ Kc6 104. Nd4+ Kd6 
105. Nf3 Kc6 106. Nd4+ Kd6 107. Nf5+ Kc6 108. Nf4 Kc5 109. Kc2 Re4 110. Nd3+ Kc6 
111. Kd2 Re8 112. Nf4 Kc5 113. Kd3 Re4 114. Ne2 Kb4 115. Ned4 Re8 116. Ne3 Kc5 
117. Nec2 Rb8 118. Ne3 Re8 119. Nec2 Kd6 120. Nf5+ Kc5 121. Ng7 Ra8 
122. Ne6+ Kd6 123. Nf4 Rb8 124. Nd4 Rb4 125. Ke3 Rb8 126. Nh5 Rc8 127. Kd2 Kc5 
128. Nc2 Rb8 129. Kc3 Re8 130. Nf4 Rc8 131. Ne2 Rg8 132. Ncd4 Kb6 133. Nf5 Kc5 
134. Nf4 Re8 135. Nxh4 d4+ 136. Kb2 Re3 137. Nf5 Rf3 138. Ne6+ Kb4 
139. Nexd4 Rxh3 140. Ne3 Kc5 141. Ndc2 Rf3 142. Kc3 Rf4 143. Ne1 Re4 
144. Nd3+ Kb5 145. Kd2 Rd4 146. Kc3 Re4 147. Nc2 Rxg4 148. Ne3 Rg5 149. Nc4 Rg4 
150. Na3+ Kc6 151. Nc4 Rg5 152. Ne3 Rg3 153. Kd4 Kb5 154. Nc4 Rg5 155. Ke3 Rd5 
156. Ke4 Rh5 157. Nd6+ Kc6 158. Nc4 Rh4+ 159. Kf5 a4 160. Kxf6 Kd5 161. Nb4+ Kc5 
162. bxa4 Kxc4 1/2-1/2

[Event "Tuesday 03 April Rapid Engine Tour12+1 Rounds 9 Starts 1600ST"]
[Site "Infinity Chess"]
[Date "2018.4.3"]
[Round "1"]
[White "CrapCleaner"]
[Black "ivrdurant"]
[Result "0-1"]
[ECO "C50"]
[WhiteElo "2412"]
[BlackElo "2457"]
[WhiteEngine "Houdini 6.03 Standard_CTG"]
[BlackEngine "Raubfisch ME262_GTZ16d4"]
[EventType "Swiss"]
[WhiteTeam ""]
[BlackTeam ""]
[PlyCount "63"]
[TimeControl "720+1"]

1. e4 e5 2. Nf3 Nc6 3. Bc4 Bc5 4. O-O Nf6 5. d3 d6 6. c3 a5 7. Bg5 Ba7 
8. Nbd2 Bd7 9. Bh4 h6 10. Bb3 Qe7 11. Nc4 g5 12. Bg3 O-O-O 13. Ba4 h5 
14. h4 gxh4 15. Bxh4 Rdg8 16. Bxc6 bxc6 17. Nxa5 Qe6 18. g3 Qh3 19. d4 Bb6 
20. Bxf6 h4 21. Nxh4 Rh6 22. Qf3 Bxa5 23. Be7 f6 24. Bxf6 Rf8 25. Qh1 Rhxf6 
26. Qxh3 Bxh3 27. dxe5 dxe5 28. Nf5 Bb6 29. Rac1 Bxf5 30. exf5 Rxf5 31. Rc2 Rf3 
32. Kg2 0-1

[Event "Tuesday 03 April Rapid Engine Tour12+1 Rounds 9 Starts 1600ST"]
[Site "Infinity Chess"]
[Date "2018.4.3"]
[Round "1"]
[White "KRAKEN"]
[Black "star99"]
[Result "1/2-1/2"]
[ECO "D31"]
[WhiteElo "2471"]
[BlackElo "2415"]
[WhiteEngine "Raubfisch X38_CTG"]
[BlackEngine "Cryptic Heroes 9.2B"]
[EventType "Swiss"]
[WhiteTeam ""]
[BlackTeam ""]
[PlyCount "89"]
[TimeControl "720+1"]

1. d4 d5 2. c4 e6 3. Nc3 c6 4. e3 Nf6 5. Nf3 Nbd7 6. Qc2 Bd6 7. Bd3 dxc4 
8. Bxc4 O-O 9. O-O a6 10. a4 e5 11. Ba2 h6 12. Rd1 Qc7 13. h3 Re8 14. b4 exd4 
15. Rxd4 Ne5 16. Nd2 Qe7 17. Nce4 Nxe4 18. Nxe4 Bf5 19. Qc3 Rad8 20. Bb2 Bb8 
21. Ng3 Be6 22. Bxe6 Qxe6 23. Rad1 Rxd4 24. exd4 Qd7 25. Rd2 Ng6 26. d5 f6 
27. dxc6 Qxc6 28. Qxc6 bxc6 29. Ne2 Bf4 30. Rc2 Bd6 31. Kf1 Bxb4 32. Rxc6 a5 
33. g3 Kf7 34. Rc2 Re7 35. h4 h5 36. Kg2 Rd7 37. Bd4 Nf8 38. Rc8 Ne6 39. Be3 Rd3 
40. Rb8 Ra3 41. Rb7+ Kg6 42. Rb6 Kf7 43. Rb7+ Kg6 44. Rb6 Kf7 45. Rb7+ 1/2-1/2

[Event "Tuesday 03 April Rapid Engine Tour12+1 Rounds 9 Starts 1600ST"]
[Site "Infinity Chess"]
[Date "2018.4.3"]
[Round "1"]
[White "Vimtiroba"]
[Black "Harry_Potter"]
[Result "1/2-1/2"]
[ECO "C50"]
[WhiteElo "2428"]
[BlackElo "2476"]
[WhiteEngine "SF9 ''C1''_CTG"]
[BlackEngine "asmFishW_2018-03-27_bmi2_CTG"]
[EventType "Swiss"]
[WhiteTeam ""]
[BlackTeam ""]
[PlyCount "195"]
[TimeControl "720+1"]

1. e4 e5 2. Nf3 Nc6 3. Bc4 Bc5 4. d3 Nf6 5. c3 d6 6. O-O a5 7. a4 O-O 8. Bg5 h6 
9. Bh4 Be6 10. Nbd2 Qe7 11. Re1 g5 12. Bg3 Ne8 13. Bb3 Ng7 14. Nc4 Qf6 
15. Rc1 Rab8 16. Ne3 Bxe3 17. fxe3 Nh5 18. Rf1 Nxg3 19. hxg3 Qg6 20. Bxe6 Qxe6 
21. Rc2 Ne7 22. Rcf2 Qg4 23. Qc2 Kg7 24. Nh2 Qe6 25. Qe2 Rbd8 26. c4 Ng8 
27. g4 c6 28. Nf3 Qd7 29. Nd2 d5 30. cxd5 cxd5 31. Qf3 f6 32. exd5 Qxd5 
33. Ne4 Qc6 34. Qd1 Qb6 35. Qd2 Rd7 36. Rf3 Rff7 37. Ng3 Kh8 38. Kh2 Kh7 
39. Qc2 Rc7 40. Qb1 Kh8 41. Qa2 Rfd7 42. Nh5 Rc6 43. e4 Kh7 44. Qa1 Rd4 
45. Qa2 Rd7 46. R1f2 Re7 47. Qb1 Rec7 48. Rf1 Kg6 49. Qa2 Rf7 50. R1f2 Rf8 
51. Qa3 Qb4 52. Qa2 Kh7 53. Kg1 Qb6 54. Kh2 Kh8 55. Qb1 Qd4 56. Qa1 Qb6 
57. Re2 Ne7 58. Qa3 Rf7 59. Qa2 Rf8 60. Ref2 Ng8 61. Rf5 Kh7 62. Qb1 Qb4 
63. Qf1 Kg6 64. Ng3 Qd4 65. Nh5 Rf7 66. Qd1 Rb6 67. Qc2 Rc6 68. Qb3 Rb6 
69. Qa3 Qd7 70. Qc5 Rc6 71. Qb5 Rd6 72. Qxa5 Ne7 73. d4 Nxf5 74. gxf5+ Kh7 
75. dxe5 b6 76. Qb5 fxe5 77. Qxe5 Qe7 78. Qxe7 Rxe7 79. f6 Rxe4 80. f7 Rh4+ 
81. Kg3 Rd8 82. f8=Q Rxf8 83. Rxf8 Rxh5 84. Rb8 Rh4 85. Rxb6 Rxa4 86. b3 Rh4 
87. b4 Kg7 88. b5 Rb4 89. Rb8 Kg6 90. b6 Rb2 91. Kf3 h5 92. b7 Rb3+ 93. Ke4 Kh7 
94. Kd5 Rb2 95. g3 Kg7 96. Ke5 h4 97. gxh4 gxh4 98. Ra8 1/2-1/2

[Event "Tuesday 03 April Rapid Engine Tour12+1 Rounds 9 Starts 1600ST"]
[Site "Infinity Chess"]
[Date "2018.4.3"]
[Round "1"]
[White "THE_MACHINE"]
[Black "hafaba"]
[Result "1-0"]
[ECO "B27"]
[WhiteElo "2478"]
[BlackElo "2430"]
[WhiteEngine "BrainFish_180401_x64_bmi2"]
[BlackEngine "Eman 1.70-beta13 64-bit POPCNT"]
[EventType "Swiss"]
[WhiteTeam ""]
[BlackTeam ""]
[PlyCount "177"]
[TimeControl "720+1"]

1. e4 c5 2. Nf3 g6 3. c4 Nc6 4. d4 cxd4 5. Nxd4 Bg7 6. Be3 d6 7. Nc3 Nf6 
8. Be2 O-O 9. O-O a6 10. Qd2 Ng4 11. Bxg4 Bxg4 12. h3 Be6 13. b3 Qa5 
14. Nxc6 bxc6 15. Rac1 Rab8 16. Nd5 Qd8 17. Nc3 Qa5 18. Bh6 f6 19. Bxg7 Kxg7 
20. f4 Rfd8 21. Rcd1 Bf7 22. Rf3 Re8 23. Qe3 Rbd8 24. Rf2 h6 25. Rdd2 Rf8 
26. Ne2 Qc7 27. Nd4 Rfe8 28. Qf3 Rc8 29. Qg3 Kh7 30. h4 h5 31. Qe3 Qb6 
32. e5 dxe5 33. fxe5 Rcd8 34. Qe4 c5 35. Qc6 Qxc6 36. Nxc6 Rc8 37. Na5 f5 
38. Rd7 Be6 39. Ra7 Ra8 40. Rc7 Rac8 41. Ra7 Ra8 42. Rxa8 Rxa8 43. Nc6 Kg7 
44. Rd2 Kf8 45. Kf2 Ke8 46. Na5 Rc8 47. Ke3 Bd7 48. g3 Rc7 49. Kf4 Kf8 
50. Kg5 Kf7 51. Rd3 Kg7 52. a3 Kf7 53. Rd5 Be6 54. Rd8 Bc8 55. b4 Ke6 
56. Kf4 Kf7 57. Rd5 cxb4 58. axb4 Be6 59. Rd2 Bd7 60. c5 Ke6 61. Rd1 Bc6 
62. Rd8 Ba4 63. Ra8 Bb5 64. Rg8 Kf7 65. Rd8 Bc6 66. Nxc6 Rxc6 67. Ra8 Ke6 
68. Rb8 Kf7 69. Rb6 Rc7 70. Rxa6 Rb7 71. Rb6 Ra7 72. c6 Rc7 73. b5 Rc8 
74. Rb7 Ra8 75. c7 Ra4+ 76. Ke3 Rc4 77. b6 g5 78. Rb8 gxh4 79. c8=Q Rxc8 
80. Rxc8 hxg3 81. b7 g2 82. Rc1 h4 83. b8=Q h3 84. Kf4 h2 85. Qb3+ Kg6 
86. Qg8+ Kh6 87. Rc6+ e6 88. Rxe6+ Kh5 89. Qg5# 1-0

[Event "Tuesday 03 April Rapid Engine Tour12+1 Rounds 9 Starts 1600ST"]
[Site "Infinity Chess"]
[Date "2018.4.3"]
[Round "1"]
[White "ocirema"]
[Black "SkyPilot"]
[Result "1/2-1/2"]
[ECO "C55"]
[WhiteElo "2432"]
[BlackElo "2498"]
[WhiteEngine "stockfish_18040300_x64_modern_CTG"]
[BlackEngine "stockfish_x64_bmi2_2018_03_30_CTG"]
[EventType "Swiss"]
[WhiteTeam ""]
[BlackTeam ""]
[PlyCount "97"]
[TimeControl "720+1"]

1. e4 e5 2. Nf3 Nc6 3. Bc4 Nf6 4. d3 Bc5 5. O-O d6 6. c3 O-O 7. Bg5 h6 8. Bh4 a6 
9. Nbd2 Ba7 10. Re1 Kh8 11. Bb3 g5 12. Bg3 Nh7 13. Nf1 h5 14. h4 g4 15. N3d2 f5 
16. exf5 Bxf5 17. Bc2 Nf6 18. Ne3 Bh7 19. Qe2 Ne7 20. Rac1 Qd7 21. Ne4 Nxe4 
22. dxe4 Qe6 23. a4 Qf6 24. b4 Rad8 25. Qd2 Bxe3 26. Qxe3 Ng6 27. Qh6 Nf4 
28. Qxf6+ Rxf6 29. a5 Kg7 30. Bxf4 Rxf4 31. c4 Bg6 32. Bd3 Kf6 33. Re2 Ke7 
34. b5 Ra8 35. Rb2 Kd7 36. c5 Bxe4 37. Bxe4 Rxe4 38. cxd6 Kxd6 39. bxa6 Rxa6 
40. Rxb7 Rxa5 41. Rbxc7 Re2 42. Rh7 Raa2 43. Rd1+ Kc6 44. Rxh5 Rxf2 
45. Rxe5 Rxg2+ 46. Kh1 g3 47. Rc1+ Rgc2 48. Rxc2+ Rxc2 49. Kg1 1/2-1/2

[Event "Tuesday 03 April Rapid Engine Tour12+1 Rounds 9 Starts 1600ST"]
[Site "Infinity Chess"]
[Date "2018.4.3"]
[Round "1"]
[White "MCDermont"]
[Black "Mr Aj"]
[Result "1/2-1/2"]
[ECO "E38"]
[WhiteElo "2505"]
[BlackElo "2436"]
[WhiteEngine "BrainFish 010418 WM_CTG"]
[BlackEngine "Houdini 6_CTG"]
[EventType "Swiss"]
[WhiteTeam ""]
[BlackTeam ""]
[PlyCount "114"]
[TimeControl "720+1"]

1. d4 Nf6 2. c4 e6 3. Nc3 Bb4 4. Qc2 c5 5. dxc5 O-O 6. a3 Bxc5 7. Nf3 Nc6 
8. Bg5 h6 9. Bh4 Be7 10. Rd1 d5 11. e3 Qa5 12. Be2 Ne4 13. cxd5 Nxc3 
14. Qxc3 Qxc3+ 15. bxc3 exd5 16. Bxe7 Nxe7 17. Nd4 Bd7 18. Rb1 b6 19. Ba6 Nf5 
20. Ke2 Nd6 21. Rb4 Bc8 22. Bb5 Bb7 23. a4 Rfc8 24. Rc1 Rc5 25. Bd3 Bc8 
26. Nb3 Rc7 27. a5 b5 28. a6 Rc6 29. Nd4 Rxa6 30. Nxb5 Ra2+ 31. Ke1 a5 
32. Rd4 Nxb5 33. Bxb5 Rb8 34. c4 Be6 35. cxd5 Rxb5 36. dxe6 fxe6 37. Rd2 Rxd2 
38. Kxd2 Kf7 39. Ra1 Ke7 40. Kc3 Kd6 41. h3 Rd5 42. f3 Kc6 43. g4 Rb5 
44. Kd4 Kd6 45. f4 Rb4+ 46. Kc3 Rb5 47. e4 Rb4 48. e5+ Ke7 49. Rxa5 Rxf4 
50. Ra7+ Kf8 51. Kd3 Rb4 52. Ra6 Rb3+ 53. Ke4 Rxh3 54. Rxe6 Rg3 55. Kf4 Rb3 
56. g5 hxg5+ 57. Kxg5 Rb1 1/2-1/2

[Event "Tuesday 03 April Rapid Engine Tour12+1 Rounds 9 Starts 1600ST"]
[Site "Infinity Chess"]
[Date "2018.4.3"]
[Round "1"]
[White "RonWeasley"]
[Black "Brtroy"]
[Result "1/2-1/2"]
[ECO "D30"]
[WhiteElo "2440"]
[BlackElo "2505"]
[WhiteEngine "BrainFish 010418 WM_CTG"]
[BlackEngine "Stockfish_18040103_x64_bmi2_CTG"]
[EventType "Swiss"]
[WhiteTeam ""]
[BlackTeam ""]
[PlyCount "134"]
[TimeControl "720+1"]

1. d4 d5 2. c4 e6 3. Nf3 Be7 4. g3 Nf6 5. Bg2 O-O 6. O-O dxc4 7. Ne5 Nc6 
8. Nxc6 bxc6 9. Na3 Bxa3 10. bxa3 Ba6 11. Qd2 Rb8 12. Qa5 Qc8 13. Rd1 Rd8 
14. e4 Rb5 15. Qc3 c5 16. d5 exd5 17. exd5 c6 18. a4 Rb4 19. d6 Nd5 
20. Bxd5 cxd5 21. Rxd5 f6 22. Ba3 Bb7 23. Rxc5 Qxc5 24. Bxb4 Qd5 25. f3 a5 
26. Bxa5 Rxd6 27. Bb4 Re6 28. Re1 h5 29. Kf2 Rxe1 30. Kxe1 Qe6+ 31. Kf2 Kh8 
32. Qe3 Qh3 33. Kg1 Qf5 34. Kf2 Qc2+ 35. Qe2 Qxa4 36. Qxc4 Qd1 37. Qf4 Qc2+ 
38. Qd2 Qb1 39. a3 Kh7 40. Qe1 Qb2+ 41. Qd2 Qb3 42. Bc3 Kg8 43. Qe3 Qc2+ 
44. Bd2 Bc6 45. h3 Qa2 46. Qd3 Kh8 47. a4 Qxa4 48. g4 h4 49. Qd8+ Kh7 
50. Qd3+ Kg8 51. g5 fxg5 52. Bxg5 Bb5 53. Qd5+ Kh7 54. Qe4+ Qxe4 55. fxe4 Kg6 
56. Bxh4 Bc6 57. Bd8 Ba4 58. Kf3 Bd1+ 59. Kf4 Ba4 60. h4 Bd7 61. Kf3 Bh3 
62. e5 Bf1 63. Kf4 Bc4 64. h5+ Kf7 65. Bh4 Ke6 66. Bf6 gxf6 67. exf6 Kxf6 
1/2-1/2

[Event "Tuesday 03 April Rapid Engine Tour12+1 Rounds 9 Starts 1600ST"]
[Site "Infinity Chess"]
[Date "2018.4.3"]
[Round "1"]
[White "MarioDeMonti"]
[Black "Prometheus"]
[Result "1/2-1/2"]
[ECO "E10"]
[WhiteElo "2509"]
[BlackElo "2443"]
[WhiteEngine "stockfish_x64_bmi2_2018_02_18_CTG"]
[BlackEngine "Eman 1.70-beta13 64-bit BMI2"]
[EventType "Swiss"]
[WhiteTeam ""]
[BlackTeam ""]
[PlyCount "78"]
[TimeControl "720+1"]

1. d4 Nf6 2. c4 e6 3. Nf3 d5 4. Nc3 c6 5. Bg5 dxc4 6. e4 b5 7. e5 h6 8. Bh4 g5 
9. Nxg5 hxg5 10. Bxg5 Nbd7 11. g3 Qb6 12. exf6 Bb7 13. Bg2 c5 14. d5 O-O-O 
15. O-O b4 16. Na4 Qa6 17. a3 Bxd5 18. Bxd5 Ne5 19. Qe2 Rxd5 20. axb4 cxb4 
21. Nc3 Qd6 22. Nxd5 Qxd5 23. f3 Nd3 24. Be3 Bc5 25. Bxc5 Qxc5+ 26. Kg2 Rd8 
27. h4 a5 28. Rab1 Kc7 29. Qe4 Kb6 30. h5 Qg5 31. Qxc4 Qxh5 32. b3 Qe5 
33. Qe4 Qc5 34. Qe2 Nf4+ 35. gxf4 Rg8+ 36. Kh1 Rh8+ 37. Kg2 Rg8+ 38. Kh1 Rh8+ 
39. Kg2 Rg8+ 1/2-1/2

[Event "Tuesday 10 April, Rapid Engine Tour 13+2 Rounds 7, starts 16.00 ST"]
[Site "Infinity Chess"]
[Date "2018.4.10"]
[Round "7"]
[White "Longin"]
[Black "Thinker"]
[Result "1/2-1/2"]
[ECO "C50"]
[WhiteElo "2436"]
[BlackElo "2447"]
[WhiteEngine "BrainFish_180404_x64_modern_CTG"]
[BlackEngine "BrainFish_180408_x64_modern_CTG"]
[EventType "Swiss"]
[WhiteTeam ""]
[BlackTeam ""]
[PlyCount "97"]
[TimeControl "780+2"]

1. e4 e5 2. Nf3 Nc6 3. Bc4 Bc5 4. O-O Nf6 5. d3 d6 6. c3 O-O 7. Re1 a5 
8. Nbd2 Be6 9. Bb5 Ne7 10. d4 Ba7 11. h3 Ng6 12. Ba4 Nh5 13. Nf1 c6 14. Bc2 Nhf4 
15. Ng3 f6 16. Nf5 Qd7 17. dxe5 fxe5 18. Ng5 Bxf5 19. exf5 Rxf5 20. Bxf5 Qxf5 
21. Qg4 Qxg4 22. hxg4 Nd3 23. Re2 d5 24. b3 Nxc1 25. Rxc1 Nf4 26. Rec2 Nd3 
27. Rd1 e4 28. Nh3 Rf8 29. g3 Bb6 30. c4 g5 31. cxd5 cxd5 32. Rxd3 exd3 
33. Rd2 h6 34. Rxd3 d4 35. f4 Rc8 36. a4 gxf4 37. gxf4 Rc3 38. Nf2 Bc7 
39. Kf1 Bxf4 40. Rxd4 Bc7 41. Rd7 Bb6 42. Rxb7 Rxb3 43. Ne4 Rf3+ 44. Kg2 Rf4 
45. Rxb6 Rxe4 46. Rxh6 Rxa4 47. Rh5 Rxg4+ 48. Kf3 Ra4 49. Ke3 1/2-1/2

[Event "Tuesday 10 April, Rapid Engine Tour 13+2 Rounds 7, starts 16.00 ST"]
[Site "Infinity Chess"]
[Date "2018.4.10"]
[Round "7"]
[White "Time_bandit"]
[Black "Harry_Potter"]
[Result "1/2-1/2"]
[ECO "C77"]
[WhiteElo "2430"]
[BlackElo "2481"]
[WhiteEngine "asmFishW_2018-02-02_popcnt"]
[BlackEngine "Stockfish_x64_bmi2_CTG"]
[EventType "Swiss"]
[WhiteTeam ""]
[BlackTeam ""]
[PlyCount "120"]
[TimeControl "780+2"]

1. e4 e5 2. Nf3 Nc6 3. Bb5 a6 4. Ba4 Nf6 5. O-O Be7 6. Re1 b5 7. Bb3 O-O 
8. c3 d5 9. exd5 Nxd5 10. Nxe5 Nxe5 11. Rxe5 c6 12. d4 Bd6 13. Re1 Qh4 
14. g3 Qh3 15. Be3 Be6 16. Qf3 a5 17. Qg2 Qxg2+ 18. Kxg2 Rfe8 19. Bd1 a4 
20. Bf3 a3 21. b3 Bd7 22. Bd2 Rxe1 23. Bxe1 Bf5 24. Nd2 Nxc3 25. Nf1 Nd5 
26. Ne3 Be6 27. Rc1 Ne7 28. Bd2 Rc8 29. h4 g6 30. Kf1 h5 31. Be4 Kf8 32. Ke2 Ke8 
33. d5 Nxd5 34. Nxd5 cxd5 35. Rxc8+ Bxc8 36. Bxd5 Bf5 37. Bf4 Bxf4 38. gxf4 Ke7 
39. Ke3 b4 40. Kd4 Kf6 41. Bc4 Be6 42. Bxe6 fxe6 43. Ke4 Kg7 44. Kd4 Kf6 
45. Kc5 e5 46. Kxb4 exf4 47. Kxa3 g5 48. hxg5+ Kxg5 49. b4 Kf6 50. Ka4 h4 
51. b5 h3 52. b6 h2 53. b7 h1=Q 54. b8=Q Qd1+ 55. Ka3 Qd3+ 56. Kb2 Qd4+ 
57. Kb3 Qxf2 58. Qd6+ Kg7 59. Qe7+ Kh8 60. Qe5+ Kh7 1/2-1/2

[Event "Tuesday 10 April, Rapid Engine Tour 13+2 Rounds 7, starts 16.00 ST"]
[Site "Infinity Chess"]
[Date "2018.4.10"]
[Round "7"]
[White "Murx"]
[Black "Dovahkiin"]
[Result "1/2-1/2"]
[ECO "D31"]
[WhiteElo "2463"]
[BlackElo "2388"]
[WhiteEngine "asmFishW_2018-04-07_popcnt"]
[BlackEngine "Raubfisch ME262_GTZ16f_CTG"]
[EventType "Swiss"]
[WhiteTeam ""]
[BlackTeam ""]
[PlyCount "128"]
[TimeControl "780+2"]

1. d4 d5 2. c4 e6 3. Nc3 c6 4. e4 dxe4 5. Nxe4 Bb4+ 6. Bd2 Qxd4 7. Bxb4 Qxe4+ 
8. Be2 Na6 9. Ba5 b6 10. Qd6 Bd7 11. Bc3 f6 12. Nf3 Nh6 13. Rd1 Rd8 14. Qa3 Bc8 
15. Nd2 Qf4 16. Bh5+ Nf7 17. O-O c5 18. Qa4+ Ke7 19. Rfe1 Rhe8 20. Qc2 Bb7 
21. Qxh7 Rh8 22. Qg6 Rxh5 23. Qxh5 Rh8 24. Qg6 Qxh2+ 25. Kf1 Qh1+ 26. Ke2 Qxg2 
27. Qxg2 Bxg2 28. Rg1 Rh2 29. Nf1 Bxf1+ 30. Rdxf1 g5 31. Rh1 Rxh1 32. Rxh1 Nb4 
33. Bxb4 cxb4 34. a3 bxa3 35. bxa3 g4 36. a4 f5 37. a5 Kd6 38. Rh7 Ne5 
39. Rxa7 bxa5 40. Rxa5 Nxc4 41. Ra6+ Kd5 42. Ra4 e5 43. Ra6 Ke4 44. Rc6 Na3 
45. Ke1 Nb5 46. Rc4+ Nd4 47. Ra4 f4 48. Kf1 f3 49. Ra1 Nc2 50. Rb1 Kf4 
51. Rb7 Nd4 52. Rb8 g3 53. fxg3+ Ke3 54. Rd8 Nc2 55. Rc8 Nd4 56. Ke1 Ne2 
57. Rf8 e4 58. g4 Nc1 59. g5 Nd3+ 60. Kf1 Ne5 61. g6 Nxg6 62. Re8 Nf4 
63. Ra8 Ne2 64. Ra3+ Kf4 1/2-1/2

[Event "Tuesday 10 April, Rapid Engine Tour 13+2 Rounds 7, starts 16.00 ST"]
[Site "Infinity Chess"]
[Date "2018.4.10"]
[Round "7"]
[White "hafaba"]
[Black "HerzsjeMZ"]
[Result "1/2-1/2"]
[ECO "C55"]
[WhiteElo "2451"]
[BlackElo "2464"]
[WhiteEngine "Eman 1.70-beta18 64-bit POPCNT_CTG"]
[BlackEngine "BrainFish_180408_x64_modern"]
[EventType "Swiss"]
[WhiteTeam ""]
[BlackTeam ""]
[PlyCount "132"]
[TimeControl "780+2"]

1. e4 e5 2. Nf3 Nc6 3. Bc4 Nf6 4. d3 Bc5 5. O-O d6 6. c3 O-O 7. Bb3 h6 
8. Re1 Ng4 9. Re2 Nf6 10. h3 Bb6 11. Nbd2 a5 12. Re1 Be6 13. Ba4 Nd7 14. Nf1 f5 
15. exf5 Bxf5 16. d4 exd4 17. cxd4 Kh8 18. Ng3 Bh7 19. Be3 Nb4 20. a3 Nd5 
21. Bc2 Bxc2 22. Qxc2 Qf6 23. Bd2 Qf7 24. Qd3 Rae8 25. Kh2 Nf4 26. Bxf4 Qxf4 
27. Re3 Rxe3 28. fxe3 Qf6 29. e4 Qe6 30. Rd1 Kg8 31. Re1 c6 32. b4 axb4 
33. axb4 Bc7 34. b5 c5 35. d5 Qf6 36. e5 dxe5 37. Ne4 Qf4+ 38. Kh1 Qf7 
39. Rf1 c4 40. Qxc4 Nb6 41. Qc5 Nxd5 42. Nfd2 Nf4 43. g3 Qd7 44. gxf4 Qxh3+ 
45. Kg1 Ba5 46. Rf3 Qg4+ 47. Kf1 Bxd2 48. Nxd2 exf4 49. Qd5+ Kh8 50. Ke2 Rc8 
51. Kd1 Qg1+ 52. Rf1 Qe3 53. Re1 Qh3 54. Qf3 Qf5 55. Re4 Qxb5 56. Qxf4 Qc5 
57. Qf7 Qg1+ 58. Ke2 Qg2+ 59. Kd1 Qg1+ 60. Qf1 Qg6 61. Qe2 Qg1+ 62. Qf1 Qh2 
63. Qe2 Qh1+ 64. Qf1 Qh5+ 65. Qf3 Qh2 66. Qf7 Qg1+ 1/2-1/2

[Event "Tuesday 10 April, Rapid Engine Tour 13+2 Rounds 7, starts 16.00 ST"]
[Site "Infinity Chess"]
[Date "2018.4.10"]
[Round "7"]
[White "Deep_Impact"]
[Black "Marsell"]
[Result "1/2-1/2"]
[ECO "D15"]
[WhiteElo "2444"]
[BlackElo "2466"]
[WhiteEngine "asmFishW_2018-04-07_bmi2"]
[BlackEngine "BrainFish_180408_x64_bmi2"]
[EventType "Swiss"]
[WhiteTeam ""]
[BlackTeam ""]
[PlyCount "82"]
[TimeControl "780+2"]

1. d4 d5 2. c4 c6 3. Nf3 Nf6 4. Nc3 e6 5. Bg5 h6 6. Bxf6 Qxf6 7. e3 Nd7 
8. Be2 g6 9. O-O Bg7 10. e4 dxe4 11. Nxe4 Qf4 12. Qc2 f5 13. Ned2 c5 14. g3 Qc7 
15. Nh4 Bxd4 16. Nxg6 Rg8 17. Nh4 Nf6 18. Ndf3 Rxg3+ 19. hxg3 Qxg3+ 20. Ng2 Ng4 
21. Qd2 Bxf2+ 22. Rxf2 Qxf2+ 23. Kh1 Bd7 24. Ne5 O-O-O 25. Nxg4 fxg4 26. Rd1 h5 
27. b3 b6 28. Qd3 Qf5 29. Kg1 Qxd3 30. Rxd3 Be8 31. Kh2 Rxd3 32. Bxd3 Kd8 
33. Kg3 Ke7 34. Nf4 Kf6 35. Kh4 Ke5 36. Ne2 Bf7 37. Kg5 a6 38. Kh4 Be8 
39. Kg5 Bf7 40. Bc2 Be8 41. Bd3 Bf7 1/2-1/2

[Event "Tuesday 10 April, Rapid Engine Tour 13+2 Rounds 7, starts 16.00 ST"]
[Site "Infinity Chess"]
[Date "2018.4.10"]
[Round "7"]
[White "MCDermont"]
[Black "MarioDeMonti"]
[Result "1/2-1/2"]
[ECO "C55"]
[WhiteElo "2472"]
[BlackElo "2509"]
[WhiteEngine "BrainFish 090218"]
[BlackEngine "stockfish_x64_bmi2_2018_02_18_CTG"]
[EventType "Swiss"]
[WhiteTeam ""]
[BlackTeam ""]
[PlyCount "128"]
[TimeControl "780+2"]

1. e4 e5 2. Nf3 Nc6 3. Bc4 Nf6 4. d3 Bc5 5. c3 d6 6. O-O O-O 7. Nbd2 a5 
8. Re1 h6 9. Nf1 a4 10. h3 Bd7 11. Bb5 Ne7 12. Bxd7 Qxd7 13. Ng3 Bb6 14. d4 Rfe8 
15. Be3 Qb5 16. Rb1 exd4 17. cxd4 d5 18. e5 Ne4 19. Nh4 Nxg3 20. fxg3 g5 
21. Kh1 Qd7 22. Nf3 Nf5 23. Bf2 Rf8 24. Qd3 Ng7 25. Nh2 f6 26. Ng4 fxe5 
27. Rxe5 Qd6 28. Be1 h5 29. Nh2 Rae8 30. Rxg5 Qe6 31. Re5 Qc6 32. Nf3 Qc4 
33. Qxc4 dxc4 34. Rc1 Nf5 35. Rxc4 Bxd4 36. Rxe8 Rxe8 37. Kh2 c5 38. Rxa4 Re2 
39. b4 Ne3 40. bxc5 Rxg2+ 41. Kh1 Bxc5 42. Ng5 Be7 43. Nf3 Bc5 44. Rh4 Rxa2 
45. Rxh5 Rc2 46. Rg5+ Kh8 47. g4 b5 48. Bd2 Nd1 49. Rd5 b4 50. Be1 Rc1 
51. Bd2 Rc2 52. Ne1 Ra2 53. Rxc5 Rxd2 54. Rc2 Rxc2 55. Nxc2 b3 56. Na3 b2 
57. Nb1 Nf2+ 58. Kg1 Nd1 59. h4 Kg7 60. Kg2 Ne3+ 61. Kf2 Nd5 62. g5 Kg6 
63. Nd2 b1=Q 64. Nxb1 Kh5 1/2-1/2